 Dungeon Crawl Stone Soup version 0.30-a0-509-gd016549fea (webtiles) character file.

Game seed: 6981024858401637654

467 jlumianski the Trooper (level 6, -3/50 HPs)
             Began as a Demonspawn Fighter on Dec 23, 2022.
             Slain by an ice beast (14 damage)
             ... on level 4 of the Dungeon.
             The game lasted 00:15:22 (3994 turns).

jlumianski the Trooper (Demonspawn Fighter)         Turns: 3994, Time: 00:15:23

Health: -3/50      AC: 11    Str: 19    XL:     6   Next: 81%
Magic:  6/6        EV:  7    Int:  9    God:
Gold:   52         SH:  0    Dex: 12    Spells: 5/5 levels left

rFire   . . .      SeeInvis .    i - +0 battleaxe
rCold   . . .      Faith    .    (shield currently unavailable)
rNeg    . . .      Spirit   .    g - +0 plate armour
rPois   .          Reflect  .    (helmet restricted)
rElec   .          Harm     .    (no cloak)
rCorr   +          Rampage  .    (no gloves)
Will    .....                    (no boots)
Stlth   ..........               (no amulet)
HPRegen 0.28/turn                r - ring of resist corrosion
MPRegen 0.10/turn                (no ring)

@: no status effects
A: antennae 1, repulsion field 1
a: no special abilities


You were on level 4 of the Dungeon.
You visited 1 branch of the dungeon, and saw 6 of its levels.

You collected 197 gold pieces.
You spent 145 gold pieces at shops.

Inventory:

Hand Weapons
 a - a +1 war axe
 h - a +1 vorpal hand axe
 i - a +0 battleaxe (weapon)
 z - a +0 trident
Missiles
 j - 40 stones
 u - 7 boomerangs (quivered)
 x - 8 poisoned darts
Armour
 b - a +0 scale mail
 c - a +1 buckler
 g - a +0 plate armour (worn)
 A - a +0 chain mail
Magical Staves
 v - a staff of cold
Jewellery
 r - a ring of resist corrosion (left hand)
 y - an amulet of faith
Wands
 n - a wand of iceblast (11)
Scrolls
 e - 2 scrolls of teleportation
 l - 2 scrolls of enchant weapon
 m - 3 scrolls of blinking
 w - a scroll of silence
Potions
 d - a potion of might
 f - a potion of ambrosia
 k - a potion of degeneration
 o - a potion of flight
 p - a potion of invisibility
 q - a potion of heal wounds
 s - a potion of resistance {unknown}
 t - 3 potions of curing


   Skills:
 * Level 4.8 Fighting
 + Level 4.7 Axes
 + Level 0.8 Throwing
 + Level 3.4 Armour
 + Level 0.4 Dodging
 - Level 0.1 Stealth
 - Level 3.3 Shields


You had 5 spell levels left.
You didn't know any spells.
Your spell library was empty.

Dungeon Overview and Level Annotations

Branches:
Dungeon (6/15)
 Temple: D:4-7

Altars:
Fedhas
Trog

Shops:
D:3 !   D:4 *

Annotations:
D:5 Edmund


Innate Abilities, Weirdness & Mutations

You have a pair of small antennae on your head.
You are surrounded by a mild repulsion field. (EV +2)


Message History

2 jackals and a hobgoblin come into view.
The jackal barks!
The hobgoblin shouts!
There is an open door here.
The jackal barely misses you.
The jackal bites you but does no damage.
You slash the jackal!
You kill the jackal!
You hit the jackal.
You kill the jackal!
You see here a jackal corpse.
You barely miss the hobgoblin.
The hobgoblin hits you but does no damage.
You slash the hobgoblin!
You kill the hobgoblin!
An ice beast comes into view.
An ice beast is nearby!
You closely miss the ice beast.
The ice beast hits you but does no damage.
You hit the ice beast.
The ice beast is lightly wounded.
The ice beast hits you. The ice beast freezes you!
The ice beast hits you but does no damage.
You slash the ice beast!
The ice beast is severely wounded.
The ice beast hits you but does no damage.
You hit the ice beast.
The ice beast is almost dead.
The ice beast hits you but does no damage.
The ice beast hits you. The ice beast freezes you!
You barely miss the ice beast.
The ice beast is almost dead.
The ice beast hits you but does no damage.
You completely miss the ice beast.
The ice beast is almost dead.
The ice beast hits you. The ice beast freezes you!
* * * LOW HITPOINT WARNING * * *
The ice beast hits you.
* * * LOW HITPOINT WARNING * * *
The ice beast freezes you!
You die...

#.....#....#........#.........#.
#.....#††..#........#.........#.
#.....#....#........'.>.......#.
#.....'....#.......###'###...##.
#.....#...##.......##...# ...###
#....##...##.......##..... ..##.
##...##...##....................
##...##........Y................
#..............@................
#<........##......###..###...##.
#.........##......###..# ##
#.........#............#
#.........#............#
#.........#.........[..+
##.#..#...#............#
.########......###...# .#
#.########...### #


You could see an ice beast.

Vanquished Creatures
  An orc warrior (D:4)
  A phantom (D:5)
  4 hounds
  4 adders
  3 gnolls (D:3)
  A worm (D:4)
  3 dart slugs
  8 orcs
  10 endoplasms
  5 giant cockroaches
  4 goblins
  12 hobgoblins
  10 jackals
  5 quokkas
  10 ball pythons
  4 bats
  2 frilled lizards (D:3)
  9 kobolds
  3 rats
99 creatures vanquished.

Notes
Turn   | Place    | Note
-------+----------+-------------------------------------------
     0 | D:1      | jlumianski the Demonspawn Fighter began the quest for the
                  | Orb.
     0 | D:1      | Reached XP level 1. HP: 18/18 MP: 1/1
   170 | D:1      | Gained mutation: You have a pair of small antennae on your
                  | head. [demonic ancestry]
   170 | D:1      | Reached XP level 2. HP: 19/24 MP: 2/2
   752 | D:1      | Reached XP level 3. HP: 27/29 MP: 3/3
   847 | D:2      | Found a faded altar of an unknown god.
  1016 | D:2      | Found a bloodstained altar of Trog.
  1972 | D:3      | Reached XP level 4. HP: 37/37 MP: 4/4
  2352 | D:3      | Found Musul's Distillery.
  2358 | D:3      | Bought 2 potions of curing for 78 gold pieces
  2358 | D:3      | Bought a potion of curing for 39 gold pieces
  2378 | D:4      | Found a blossoming altar of Fedhas.
  2471 | D:3      | Reached XP level 5. HP: 42/42 MP: 5/5
  3314 | D:4      | Found Lucly's General Store.
  3317 | D:5      | Entered Level 5 of the Dungeon
  3355 | D:6      | Noticed a yak
  3355 | D:6      | Noticed a yak
  3355 | D:6      | Noticed a yak
  3360 | D:5      | Noticed a phantom
  3400 | D:5      | Killed a phantom
  3401 | D:5      | Gained mutation: You are surrounded by a mild repulsion
                  | field. (EV +2) [demonic ancestry]
  3401 | D:5      | Reached XP level 6. HP: 32/49 MP: 6/6
  3484 | D:4      | Bought a scroll of identify for 28 gold pieces
  3502 | D:5      | Noticed an orc warrior
  3553 | D:5      | Noticed Edmund
  3631 | D:4      | Killed an orc warrior
  3985 | D:4      | Noticed an ice beast
  3994 | D:4      | Slain by an ice beast

Illustrated notes

Levels and vault maps discovered:
D:1:      sevenhm_arrival_forest_fort_small_4, layout_rooms,
          grunt_decor_clamped, minmay_pentomino_w2
D:2:      minmay_kobold_bridge, layout_loops_ring,
          dreamdust_ecumenical_altar_grove, basic_altar
D:3:      wad_river_or_something, layout_loops_corners, serial_shops, shop
D:4:      layout_gridville, mainiacjoe_overflow_boulevard, serial_shops, shop,
          hangedman_decor_diamond_cutter
D:5:      layout_rooms, nicolae_tso_carved_into_rock, mainiacjoe_overflow_swirl,
          nicolae_shop_fire_sale [nicolae_sub_dead_trees], uniq_prince_ribbit1,
          uniq_edmund
D:6:      layout_cave_pools, nicolae_overflow_two_pavilions,
          minmay_temple_entry_nine_rooms, minmay_strange_pillars,
          chequers_serial_rivers_micro_b, uniq_maggie

Skill      XL: |  1  2  3  4  5  6 |
---------------+-------------------+-----
Axes           | 2 3 4 |  4.7
Shields        | 3 |  3.3
Armour         | 3 |  3.4
Fighting       | 4 |  4.8
Throwing       | |  0.8
Dodging        | |  0.4
Stealth        | |  0.1

Action                   |  1- 3 |  4- 6 || total
-------------------------+-------+-------++-------
Melee: War axe           |   146 |   112 ||   258
       Battleaxe         |       |    22 ||    22
Throw: Stone             |     1 |     4 ||     5
       Boomerang         |       |    12 ||    12
  Use: Scroll            |     9 |     6 ||    15
       Potion            |     1 |     1 ||     2
Armor: Scale mail        |    74 |       ||    74
       Plate armour      |     9 |    89 ||    98
Dodge: Dodged            |    84 |    47 ||   131
Block: Buckler           |    43 |    35 ||    78

Table legend: (Time is in decaauts)
 A = Elapsed time spent in this place.
 B = Non-inter-level travel time spent in this place.
 C = Inter-level travel time spent in this place.
 D = Time resting spent in this place.
 E = Time spent auto-exploring this place.
 F = Levels seen in this place.
 G = Mean time per level.
                   A        B        C        D        E       F      G
               +--------+--------+--------+--------+--------+-----+--------+
         Total |   4154 |   4082 |     72 |    438 |   1964 |   6 |  692.3 |
       Dungeon |   4154 |   4082 |     72 |    438 |   1964 |   6 |  692.3 |
               +--------+--------+--------+--------+--------+-----+--------+

Top non-repeatable levels by time:
     D:3: 1545 daAuts
     D:2: 952 daAuts
     D:4: 873 daAuts
     D:1: 705 daAuts
     D:5: 76 daAuts
     D:6: 1 daAuts
